 Dungeon Crawl Stone Soup version 0.27.0-1-g7a089689b8 (webtiles) character file.

Game seed: 9577642886098614046

28 drunkbafoobis the Skirmisher (level 2, -1/25 HPs)
             Began as a Palentonga Warper on Aug 8, 2021.
             Slain by an adder (2 damage)
             ... on level 2 of the Dungeon.
             The game lasted 00:02:04 (1227 turns).

drunkbafoobis the Skirmisher (Palentonga Warper)    Turns: 1227, Time: 00:02:05

Health: -1/25      AC:  4    Str: 14    XL:     2   Next: 96%
Magic:  5/5        EV:  9    Int: 13    God:
Gold:   88         SH:  0    Dex:  9    Spells: 5/5 levels left

rFire    . . .     SeeInvis +   a - +0 hand axe
rCold    . . .     Faith    .   (no shield)
rNeg     . . .     Spirit   .   b - +0 leather armour
rPois    .         Reflect  .   (no helmet)
rElec    .         Harm     .   (no cloak)
rCorr    .         Rampage  .   (no gloves)
Will     .....                  (no barding)
Stlth    +.........             (no amulet)
HPRegen  0.08/turn              (no ring)
MPRegen  0.09/turn              (no ring)

@: lethally poisoned (-1 -> -5), hasted, very quick
A: large, rugged brown scales 3, see invisible, deformed body, roll 1, armoured
tail
a: Rolling Charge


You were on level 2 of the Dungeon.
You visited 1 branch of the dungeon, and saw 2 of its levels.

You collected 88 gold pieces.

Inventory:

Hand Weapons
 a - a +0 hand axe (weapon)
Missiles
 d - 5 boomerangs of dispersal (quivered)
Armour
 b - a +0 leather armour (worn)
Scrolls
 c - 2 scrolls of blinking
 f - a scroll of amnesia {unknown}
 g - a scroll of identify {unknown}
Potions
 e - a potion of might {unknown}
 h - a potion of haste


   Skills:
 + Level 3.5 Fighting
 - Level 2.0 Axes
 - Level 0.6 Throwing
 - Level 0.7 Armour
 - Level 1.5 Dodging
 - Level 2.0 Spellcasting
 - Level 3.0 Translocations


You had 5 spell levels left.
You didn't know any spells.
Your spell library contained the following spells:

 Spells                   Type           Power      Damage    Failure   Level
 Blink                    Tloc           N/A        N/A       14%         2
 Gell's Gravitas          Tloc           4%         N/A       28%         3
 Lesser Beckoning         Tloc           4%         N/A       28%         3
 Teleport Other           Tloc           9%         N/A       28%         3
 Manifold Assault         Tloc           9%         N/A       95%         5


Dungeon Overview and Level Annotations

Branches:
Dungeon (2/15)

Altars:


Innate Abilities, Weirdness & Mutations

You are completely covered in rugged brown scales. (AC +3, +7% HP)
You have supernaturally acute eyesight. (SInv)
Armour fits poorly on your strangely shaped body.
You can roll at nearby foes to attack.
You have a long armoured tail.


Message History

The adder bites you but does no damage.
You barely miss the adder.
The adder is lightly wounded.
The adder bites you but does no damage. x2
You closely miss the adder.
The adder is lightly wounded.
The adder bites you.
You are poisoned.
The adder poisons you!
You miss the adder.
The adder is lightly wounded.
You feel sick. The adder bites you but does no damage. The adder bites you.
You are more poisoned.
The adder poisons you!
You hit the adder.
The adder is lightly wounded.
You feel very sick. The adder misses you. The adder bites you.
You closely miss the adder.
Your tail-slap misses the adder.
The adder is lightly wounded.
You feel sick. The adder barely misses you.
You hit the adder but do no damage.
The adder is lightly wounded.
You feel sick. The adder bites you but does no damage. The adder bites you.
You closely miss the adder.
You feel sick. The adder bites you.
* * * LOW HITPOINT WARNING * * *
You are lethally poisoned!
The adder poisons you!
You miss the adder.
* * * LOW HITPOINT WARNING * * *
You feel sick. The adder barely misses you. The adder closely misses you.
You hit the adder.
Your tail-slap misses the adder.
The adder is heavily wounded.
* * * LOW HITPOINT WARNING * * *
You feel sick. The adder bites you.
* * * LOW HITPOINT WARNING * * *
It was a potion of haste.
You feel yourself speed up.
* * * LOW HITPOINT WARNING * * *
You feel sick. The adder bites you but does no damage. The adder bites you.
You die...

#. ..# ###.. ..#
.....# ...# #.
.....#+# ...# .#..
#...#.# ....#
....##.....##..#.##
...............>...
...........@S.####
#.................
..................
..##..†..........
#....##########
#.!...........#
.......#....#####.#
....#..#....###.#.#
...................#


You could see an adder.

Vanquished Creatures
  2 dart slugs (D:1)
  3 endoplasms (D:1)
  4 goblins (D:1)
  2 hobgoblins (D:1)
  4 kobolds (D:1)
  2 quokkas (D:1)
  2 ball pythons
  A bat (D:1)
  2 rats
22 creatures vanquished.

Notes
Turn   | Place    | Note
-------+----------+-------------------------------------------
     0 | D:1      | drunkbafoobis the Palentonga Warper began the quest for the
                  | Orb.
     0 | D:1      | Reached XP level 1. HP: 17/17 MP: 3/3
   276 | D:1      | Reached XP level 2. HP: 9/24 MP: 5/5
  1048 | D:1      | Found a faded altar of an unknown god.
  1227 | D:2      | HP: 1/25 [poisoned by an adder]
  1227 | D:2      | Slain by an adder

Illustrated notes

Levels and vault maps discovered:
D:1:      dpeg_arrival_oval, layout_basic,
          shapermc_ecumenical_altar_mp_highgroup
D:2:      layout_basic, minmay_small_reverse_x, uniq_jessica

Skill      XL: |  1  2 |
---------------+-------+-----
Fighting       | 3 |  3.5
Axes           | |  2.0
Throwing       | |  0.6
Armour         | |  0.7
Dodging        | |  1.5
Spellcasting   | |  2.0
Translocations | |  3.0

Action                   || total
-------------------------++-------
Melee: Hand axe          ||    68
       Tailslap          ||     6
 Abil: Rolling Charge    ||     1
  Use: Potion            ||     1
Armor: Leather armour    ||    28
Dodge: Dodged            ||    36
